[ AOE2 MATCH · #474654595 ]
1v1 RMTeutons vs Bulgarians
Player's team · WIN
[ REPLAY ANALYSIS · EXTRACTED FROM THE RECORDED GAME ]
Feudal
14:36
Castle
27:04
Imperial
45:32
| APM avg | 22.9 |
| APM peak | 55 |
| eAPM avg | 19.2 |
| Villagers / military | 194 / 168 |
Focus
⚔️ 33.4% · 🌾 66.6%
Spearman ×44 · Militia ×29 · Teutonic Knight ×26 · Scorpion ×22 · Archer ×13 · Knight ×9
Feudal
11:10
Castle
26:34
Imperial
46:04
| APM avg | 19.2 |
| APM peak | 72 |
| eAPM avg | 9.1 |
| Villagers / military | 57 / 102 |
Focus
⚔️ 41.6% · 🌾 58.4%
Militia ×31 · Scout Cavalry ×19 · Archer ×13 · Skirmisher ×12 · Spearman ×11 · Knight ×8
Match map
Initial resources + every placement click. Lines = walls · curves = elevation contours. ◆ gold · ⬟ stone · ● berries · ✦ relic · ◌ wall gap
Your base· ✓ Closed at 27:04 · 37t walls · 6 gate(s)
mathilde.vievard1110's base· ✓ Closed at 26:34 · 6t walls · 3 gate(s)
Smoothed initial terrain · ◌ = detected wall gap · hover for details
Inputs per minute
— EL PADRE SANTO - - mathilde.vievard1110
Build order — EL PADRE SANTO
First 150 of 531 actions detected
| 0:04 | Research | Loom |
| 0:05 | Create | Villager (Male) |
| 0:05 | Create | Villager (Male) |
| 0:05 | Create | Villager (Male) |
| 0:05 | Create | Villager (Male) |
| 0:05 | Create | Villager (Male) |
| 0:17 | Build | House |
| 0:19 | Build | House |
| 0:19 | Build | House |
| 1:42 | Create | Villager (Male) |
| 1:42 | Create | Villager (Male) |
| 2:08 | Build | House |
| 2:41 | Create | Villager (Male) |
| 2:41 | Create | Villager (Male) |
| 2:55 | Build | House |
| 2:55 | Create | Villager (Male) |
| 2:56 | Create | Villager (Male) |
| 3:41 | Build | House |
| 3:43 | Create | Villager (Male) |
| 3:43 | Create | Villager (Male) |
| 4:16 | Create | Villager (Male) |
| 4:17 | Create | Villager (Male) |
| 4:17 | Create | Villager (Male) |
| 4:17 | Create | Villager (Male) |
| 4:31 | Build | Palisade Wall |
| 4:50 | Create | Villager (Male) |
| 4:50 | Create | Villager (Male) |
| 5:46 | Create | Villager (Male) |
| 5:46 | Create | Villager (Male) |
| 5:47 | Create | Villager (Male) |
| 5:58 | Create | Villager (Male) |
| 5:58 | Create | Villager (Male) |
| 5:58 | Create | Villager (Male) |
| 6:16 | Create | Villager (Male) |
| 6:16 | Create | Villager (Male) |
| 6:53 | Build | Lumber Camp |
| 7:01 | Build | Palisade Wall |
| 7:10 | Create | Villager (Male) |
| 7:10 | Create | Villager (Male) |
| 7:10 | Create | Villager (Male) |
| 7:48 | Create | Villager (Male) |
| 7:48 | Create | Villager (Male) |
| 8:06 | Create | Villager (Male) |
| 8:06 | Create | Villager (Male) |
| 8:06 | Create | Villager (Male) |
| 8:06 | Create | Villager (Male) |
| 8:16 | Build | Palisade Wall |
| 8:18 | Create | Villager (Male) |
| 8:19 | Create | Villager (Male) |
| 8:19 | Create | Villager (Male) |
| 8:25 | Create | Villager (Male) |
| 8:25 | Create | Villager (Male) |
| 8:25 | Create | Villager (Male) |
| 8:53 | Create | Villager (Male) |
| 8:54 | Create | Villager (Male) |
| 8:54 | Create | Villager (Male) |
| 9:15 | Build | Mill |
| 9:27 | Build | Palisade Gate |
| 9:48 | Build | House |
| 9:49 | Build | House |
| 9:51 | Build | House |
| 10:49 | Build | Mining Camp |
| 11:23 | Build | Palisade Gate |
| 12:11 | Research | Feudal Age |
| 12:32 | Build | Barracks |
| 13:14 | Create | Villager (Male) |
| 13:15 | Create | Villager (Male) |
| 13:40 | Build | Palisade Wall |
| 13:44 | Create | Militia |
| 13:44 | Create | Militia |
| 13:45 | Create | Militia |
| 13:45 | Create | Militia |
| 13:45 | Create | Militia |
| 13:52 | Build | Mining Camp |
| 14:02 | Build | Palisade Wall |
| 14:18 | Create | Militia |
| 14:18 | Create | Militia |
| 14:19 | Create | Militia |
| 14:36 | Age | Feudal Age |
| 14:43 | Build | Stone Wall |
| 14:50 | Create | Militia |
| 14:50 | Create | Militia |
| 15:00 | Build | Archery Range |
| 15:01 | Create | Villager (Male) |
| 15:01 | Create | Villager (Male) |
| 15:22 | Create | Archer |
| 15:22 | Create | Archer |
| 15:22 | Create | Archer |
| 15:22 | Create | Archer |
| 15:23 | Create | Archer |
| 15:29 | Build | Farm |
| 15:29 | Build | Farm |
| 15:30 | Build | Farm |
| 15:30 | Build | Farm |
| 15:30 | Build | Farm |
| 15:31 | Build | Farm |
| 15:31 | Build | Farm |
| 15:31 | Build | Farm |
| 15:31 | Build | Farm |
| 15:32 | Build | Farm |
| 15:33 | Build | Farm |
| 15:33 | Build | Farm |
| 15:33 | Build | Farm |
| 15:50 | Create | Villager (Male) |
| 15:50 | Create | Villager (Male) |
| 15:50 | Create | Villager (Male) |
| 15:51 | Create | Villager (Male) |
| 16:06 | Build | Farm |
| 16:34 | Create | Archer |
| 16:34 | Create | Archer |
| 16:40 | Build | House |
| 16:42 | Build | House |
| 17:04 | Research | Man-at-Arms (upgrade) |
| 17:25 | Build | Farm |
| 17:32 | Build | Farm |
| 17:54 | Create | Villager (Male) |
| 17:54 | Create | Villager (Male) |
| 17:54 | Create | Villager (Male) |
| 17:59 | Build | Blacksmith |
| 18:11 | Create | Villager (Male) |
| 18:11 | Create | Villager (Male) |
| 18:20 | Build | Farm |
| 18:32 | Research | Fletching |
| 18:32 | Research | Forging |
| 18:39 | Build | Farm |
| 18:39 | Build | Farm |
| 18:46 | Build | House |
| 18:46 | Build | House |
| 18:47 | Build | House |
| 18:48 | Build | House |
| 19:02 | Research | Forging |
| 19:11 | Create | Villager (Male) |
| 19:12 | Create | Villager (Male) |
| 19:12 | Create | Villager (Male) |
| 19:31 | Create | Villager (Male) |
| 19:31 | Create | Villager (Male) |
| 19:39 | Build | House |
| 19:40 | Build | House |
| 20:01 | Build | Gate |
| 20:02 | Create | Villager (Male) |
| 20:02 | Create | Villager (Male) |
| 20:03 | Create | Villager (Male) |
| 20:16 | Create | Archer |
| 20:16 | Create | Archer |
| 20:16 | Create | Archer |
| 20:24 | Build | Farm |
| 20:24 | Build | Farm |
| 20:25 | Build | Farm |
| 20:25 | Build | Farm |
| 20:26 | Build | Farm |
Build order — mathilde.vievard1110
First 150 of 280 actions detected
| 0:02 | Create | Villager (Male) |
| 0:02 | Create | Villager (Male) |
| 0:03 | Create | Villager (Male) |
| 0:12 | Build | House |
| 0:39 | Build | Mill |
| 1:01 | Create | Villager (Male) |
| 1:12 | Build | House |
| 1:45 | Create | Villager (Male) |
| 2:22 | Create | Villager (Male) |
| 2:56 | Create | Villager (Male) |
| 3:27 | Create | Villager (Male) |
| 3:46 | Create | Villager (Male) |
| 4:23 | Build | House |
| 4:33 | Create | Villager (Male) |
| 4:35 | Create | Villager (Male) |
| 4:54 | Create | Villager (Male) |
| 5:16 | Create | Villager (Male) |
| 5:48 | Build | House |
| 5:53 | Create | Villager (Male) |
| 6:13 | Create | Villager (Male) |
| 6:41 | Build | Barracks |
| 6:44 | Create | Villager (Male) |
| 7:12 | Create | Villager (Male) |
| 7:31 | Create | Villager (Male) |
| 7:37 | Build | House |
| 7:47 | Create | Villager (Male) |
| 7:58 | Create | Villager (Male) |
| 8:19 | Create | Villager (Male) |
| 8:39 | Create | Villager (Male) |
| 8:54 | Create | Villager (Male) |
| 9:00 | Research | Feudal Age |
| 9:06 | Create | Militia |
| 9:08 | Create | Militia |
| 9:27 | Build | Lumber Camp |
| 9:38 | Build | House |
| 9:53 | Create | Militia |
| 10:25 | Build | Farm |
| 10:49 | Build | House |
| 11:10 | Age | Feudal Age |
| 11:17 | Research | Wheelbarrow |
| 11:24 | Create | Militia |
| 11:51 | Build | Farm |
| 12:39 | Create | Villager (Male) |
| 12:39 | Create | Villager (Male) |
| 12:57 | Create | Militia |
| 13:05 | Build | Mining Camp |
| 13:10 | Build | Farm |
| 13:16 | Research | Horse Collar |
| 13:40 | Research | Town Watch |
| 14:21 | Build | Farm |
| 14:23 | Build | Farm |
| 14:25 | Build | Farm |
| 14:28 | Create | Villager (Male) |
| 14:29 | Create | Villager (Male) |
| 14:29 | Create | Villager (Male) |
| 14:58 | Build | Blacksmith |
| 15:13 | Build | Barracks |
| 15:28 | Build | Farm |
| 15:31 | Build | Farm |
| 15:38 | Build | House |
| 15:39 | Build | House |
| 15:40 | Build | House |
| 16:52 | Build | Stable |
| 17:12 | Build | Farm |
| 17:14 | Create | Villager (Male) |
| 17:14 | Create | Villager (Male) |
| 17:15 | Create | Villager (Male) |
| 17:17 | Research | Forging |
| 17:18 | Research | Scale Mail Armor |
| 17:19 | Research | Fletching |
| 17:19 | Research | Padded Archer Armor |
| 17:46 | Build | Farm |
| 17:50 | Research | Gold Mining |
| 17:56 | Build | Farm |
| 18:05 | Build | Archery Range |
| 18:19 | Build | Farm |
| 18:27 | Build | Farm |
| 18:34 | Research | Bloodlines |
| 18:52 | Create | Militia |
| 18:53 | Create | Militia |
| 18:53 | Create | Militia |
| 18:57 | Create | Militia |
| 19:05 | Create | Villager (Male) |
| 19:13 | Build | Farm |
| 19:15 | Build | Farm |
| 19:22 | Create | Villager (Male) |
| 19:26 | Create | Militia |
| 19:26 | Create | Militia |
| 19:29 | Create | Archer |
| 19:29 | Create | Archer |
| 19:29 | Create | Archer |
| 19:29 | Create | Archer |
| 19:30 | Create | Archer |
| 19:30 | Create | Archer |
| 19:56 | Build | Farm |
| 20:17 | Create | Scout Cavalry |
| 20:22 | Create | Scout Cavalry |
| 21:39 | Create | Villager (Male) |
| 21:39 | Create | Villager (Male) |
| 21:54 | Build | Stone Wall |
| 22:02 | Build | Palisade Wall |
| 22:10 | Create | Archer |
| 22:11 | Create | Archer |
| 22:19 | Build | House |
| 22:20 | Build | House |
| 22:27 | Create | Archer |
| 22:39 | Research | Scale Barding Armor |
| 22:44 | Build | Farm |
| 22:56 | Create | Villager (Male) |
| 23:07 | Create | Militia |
| 23:39 | Build | Farm |
| 23:43 | Build | Farm |
| 23:49 | Build | Farm |
| 23:54 | Research | Castle Age |
| 24:00 | Create | Militia |
| 24:43 | Research | Arson |
| 24:46 | Research | Bloodlines |
| 25:03 | Create | Militia |
| 25:03 | Create | Militia |
| 25:03 | Create | Militia |
| 25:06 | Create | Archer |
| 25:06 | Create | Archer |
| 25:07 | Create | Archer |
| 25:10 | Create | Scout Cavalry |
| 25:10 | Create | Scout Cavalry |
| 25:18 | Build | House |
| 25:20 | Build | House |
| 26:32 | Build | Farm |
| 26:34 | Age | Castle Age |
| 26:35 | Create | Militia |
| 26:35 | Create | Militia |
| 26:35 | Create | Militia |
| 26:35 | Create | Militia |
| 26:35 | Create | Militia |
| 26:37 | Research | Gambesons |
| 26:43 | Build | Barracks |
| 26:48 | Create | Archer |
| 27:21 | Create | Knight |
| 27:21 | Create | Knight |
| 27:36 | Research | Gold Shaft Mining |
| 27:41 | Research | Hand Cart |
| 28:26 | Create | Militia |
| 28:26 | Create | Militia |
| 28:26 | Create | Militia |
| 28:27 | Create | Militia |
| 28:27 | Create | Militia |
| 28:31 | Create | Knight |
| 28:31 | Create | Knight |
| 28:36 | Create | Villager (Male) |
| 28:36 | Create | Villager (Male) |
Match timeline
| 4:31 | EL PADRE SANTO · wall_segment Palisade Wall x16 |
| 6:41 | mathilde.vievard1110 · first_building Barracks |
| 7:01 | EL PADRE SANTO · wall_segment Palisade Wall x14 |
| 8:16 | EL PADRE SANTO · wall_segment Palisade Wall x8 |
| 11:10 | mathilde.vievard1110 · age_up feudal |
| 12:32 | EL PADRE SANTO · first_building Barracks |
| 13:40 | EL PADRE SANTO · wall_segment Palisade Wall x1 |
| 14:02 | EL PADRE SANTO · wall_segment Palisade Wall x3 |
| 14:36 | EL PADRE SANTO · age_up feudal |
| 14:43 | EL PADRE SANTO · wall_segment Stone Wall x2 |
| 15:00 | EL PADRE SANTO · first_building Archery Range |
| 16:52 | mathilde.vievard1110 · first_building Stable |
| 18:05 | mathilde.vievard1110 · first_building Archery Range |
| 21:54 | mathilde.vievard1110 · wall_segment Stone Wall x1 |
| 22:02 | mathilde.vievard1110 · wall_segment Palisade Wall x6 |
| 23:03 | EL PADRE SANTO · first_building Stable |
| 26:34 | mathilde.vievard1110 · age_up castle |
| 27:04 | EL PADRE SANTO · age_up castle |
| 27:44 | EL PADRE SANTO · first_building Castle |
| 32:11 | EL PADRE SANTO · first_building Siege Workshop |
| 34:23 | EL PADRE SANTO · wall_segment Stone Wall x7 |
| 37:07 | mathilde.vievard1110 · first_building Monastery |
| 37:46 | mathilde.vievard1110 · first_building Castle |
| 37:59 | mathilde.vievard1110 · first_building Siege Workshop |
| 38:13 | EL PADRE SANTO · first_building Monastery |
| 40:16 | EL PADRE SANTO · wall_segment Stone Wall x23 |
| 42:06 | EL PADRE SANTO · first_market_buy 100 food |
| 42:53 | EL PADRE SANTO · wall_segment Stone Wall x11 |
| 45:25 | EL PADRE SANTO · wall_segment Stone Wall x2 |
| 45:32 | EL PADRE SANTO · age_up imperial |
| 46:04 | mathilde.vievard1110 · age_up imperial |
| 47:28 | mathilde.vievard1110 · wall_segment Palisade Wall x1 |
| 52:49 | EL PADRE SANTO · wall_segment Stone Wall x6 |
| 53:22 | EL PADRE SANTO · wall_segment Stone Wall x5 |
| 53:44 | mathilde.vievard1110 · resign |
[ AI ANALYSIS · 1 CREDIT ]
What really happened in this match?
Wolo.gg analyzes every decision: build order, eco, micro, common mistakes by bracket. Personalized analysis on WhatsApp or Discord in 30 seconds.
Civ guide
Teutons
Map guide
Hideout
Perfil
Jugador #12029607